 Dungeon Crawl Stone Soup version 0.23-a0-844-gdc03e01 (webtiles) character file.

175 tatocazan the Ducker (level 5, 0/37 HPs)
             Began as a Gnoll Wanderer on Jan 26, 2019.
             Slain by a gnoll (6 damage)
             ... on level 2 of the Dungeon on Jan 27, 2019.
             The game lasted 00:06:47 (2554 turns).

tatocazan the Ducker (Gnoll Wanderer)               Turns: 2554, Time: 00:06:48

Health: 0/37       AC:  2    Str: 13    XL:     5   Next: 55%
Magic:  2/9        EV: 17    Int: 15    God:
Gold:   107        SH:  0    Dex: 16    Spells: 3/10 levels left

rFire    . . .     SeeInvis .   c - +0 short sword
rCold    . . .     Gourm    .   (no shield)
rNeg     . . .     Faith    .   d - +0 robe
rPois    .         Spirit   .   (helmet restricted)
rElec    .         Reflect  .   (no cloak)
rCorr    .         Harm     .   (no gloves)
MR       .....                  (no boots)
Stlth    ++........             (no amulet)
HPRegen  0.12/turn              (no ring)
MPRegen  0.11/turn              (no ring)

@: very slightly contaminated
A: distributed training, fangs 1, horns 1, blurry vision 1, strong nose
a: no special abilities


You were on level 2 of the Dungeon.
You were very hungry.

You visited 1 branch of the dungeon, and saw 3 of its levels.

You collected 107 gold pieces.

Inventory:

Hand Weapons
 c - a +0 short sword (weapon)
 p - a +0 war axe
Armour
 d - a +0 robe (worn)
Scrolls
 a - a scroll of random uselessness {unknown}
 b - a scroll of immolation {unknown}
 e - a scroll of fear {unknown}
 g - a scroll of noise {unknown}
 h - a scroll of fog {unknown}
 i - 2 scrolls of enchant armour {unknown}
 k - 3 scrolls of remove curse {unknown}
 l - a scroll of magic mapping {unknown}
 o - a scroll of amnesia {unknown}
Potions
 m - a potion of mutation
Comestibles
 f - 2 rations


   Skills:
 + Level 1.5 Fighting
 + Level 4.8 Short Blades
 + Level 1.5 Long Blades
 + Level 1.5 Axes
 + Level 1.5 Maces & Flails
 + Level 1.5 Polearms
 + Level 1.5 Staves
 + Level 1.5 Slings
 + Level 1.5 Bows
 + Level 1.5 Crossbows
 + Level 1.5 Throwing
 + Level 1.5 Armour
 + Level 6.7 Dodging
 + Level 1.5 Stealth
 + Level 3.0 Shields
 + Level 1.5 Unarmed Combat
 + Level 3.2 Spellcasting
 + Level 1.2 Conjurations
 + Level 2.4 Hexes
 + Level 1.2 Charms
 + Level 1.2 Summonings
 + Level 2.4 Necromancy
 + Level 1.2 Translocations
 + Level 1.2 Transmutations
 + Level 1.2 Fire Magic
 + Level 1.2 Ice Magic
 + Level 1.2 Air Magic
 + Level 1.2 Earth Magic
 + Level 1.2 Poison Magic
 + Level 1.7 Invocations
 + Level 3.0 Evocations


You had 3 spell levels left.
You knew the following spells:

 Your Spells              Type           Power        Failure   Level  Hunger
a - Corona                Hex            #......      8%          1    #......
b - Tukima's Dance        Hex            #.......     22%         3    ###....
c - Dazzling Spray        Conj/Hex       #.....       28%         3    ###....

Your spell library contained the following spells:

 Spells                   Type           Power        Failure   Level  Hunger
 Apportation              Tloc           #.....       12%         1    #......
 Ensorcelled Hibernation  Hex/Ice        #.....       14%         2    ##.....
 Confuse                  Hex            #.......     22%         3    ###....
 Recall                   Summ/Tloc      N/A          34%         3    ###....


Dungeon Overview and Level Annotations

Branches:
Dungeon (3/15)

Altars:


Innate Abilities, Weirdness & Mutations

Your experience applies equally to all skills.
You have very sharp teeth.
Your uncanny sense of smell can sniff out nearby items.
You have a pair of small horns on your head.
Scrolls take you a little longer to read.


Message History

You closely miss the gnoll.
The gnoll is lightly wounded.
You hit the gnoll but do no damage.
The gnoll is lightly wounded.
The gnoll hits you!
* * * LOW HITPOINT WARNING * * *
Your +0 club hits the gnoll but does no damage.
You take 7 damage, and have 6/37 hp.
It was a potion of mutation.
You feel extremely strange.
Your vision blurs.
A pair of horns grows on your head! The gnoll barely misses you.
Your +0 club hits the gnoll but does no damage.
You hit the gnoll.
You headbutt the gnoll, but do no damage.
The gnoll is moderately wounded.
The gnoll barely misses you.
You barely miss the gnoll. Your bite misses the gnoll.
The gnoll is moderately wounded.
The gnoll hits you.
You die...

#.# #.# #.# #.# #.# #.#
#.# #.# #.#
#######.####.# #.#
####### ..........##.#
#.######..(...
##.####.#.##.#
#........##### #.#
#.#.##.# #######..## #.#
##....#.#############...#
#.#
#..........@g(†>...###..#
#.# #>#...############.#
#..# #.# #.##.###.....#
#.# #..# #.#
#.##.###.###.# #.# #..##
##.# #.##.......#.#
#.###...# ##.#
#.######.#.#.#
#..###..### ...# #..#
#.....# ##.#....... ####
##.# ###.### #.#.##.### #
#.# #.# ##.#.##.###


You could see a gnoll and a friendly +0 club.

Vanquished Creatures
  Sigmund (D:2)
  A worm (D:2)
  4 dart slugs
  A leopard gecko (D:2)
  4 giant cockroaches
  8 goblins
  5 hobgoblins
  3 jackals (D:2)
  A quokka (D:2)
  8 bats (D:1)
  4 frilled lizards
  6 kobolds
  5 rats
51 creatures vanquished.

Notes
Turn   | Place    | Note
-------+----------+-------------------------------------------
     0 | D:1      | tatocazan the Gnoll Wanderer began the quest for the Orb.
     0 | D:1      | tatocazan set off with the following items: a +0 short
                  | sword, a +0 robe, a ration; and the following spells
                  | available to memorise: Corona, Apportation, Ensorcelled
                  | Hibernation, Confuse, Tukima's Dance, Dazzling Spray,
                  | Recall
     0 | D:1      | Reached XP level 1. HP: 13/13 MP: 4/4
     2 | D:1      | Learned a level 1 spell: Corona
   376 | D:1      | Reached XP level 2. HP: 19/19 MP: 5/5
   875 | D:1      | Reached XP level 3. HP: 22/25 MP: 7/7
  1184 | D:1      | Learned a level 3 spell: Tukima's Dance
  1396 | D:2      | Noticed Sigmund
  1664 | D:2      | Found a faded altar of an unknown god.
  1688 | D:2      | Reached skill level 1 in Invocations
  1784 | D:2      | Reached skill level 1 in Fighting
  1784 | D:2      | Reached skill level 1 in Long Blades
  1784 | D:2      | Reached skill level 1 in Axes
  1784 | D:2      | Reached skill level 1 in Maces & Flails
  1784 | D:2      | Reached skill level 1 in Polearms
  1784 | D:2      | Reached skill level 1 in Staves
  1784 | D:2      | Reached skill level 1 in Slings
  1784 | D:2      | Reached skill level 1 in Bows
  1784 | D:2      | Reached skill level 1 in Crossbows
  1784 | D:2      | Reached skill level 1 in Throwing
  1784 | D:2      | Reached skill level 1 in Armour
  1784 | D:2      | Reached skill level 1 in Stealth
  1784 | D:2      | Reached skill level 1 in Unarmed Combat
  1794 | D:2      | Learned a level 3 spell: Dazzling Spray
  2064 | D:2      | Reached XP level 4. HP: 27/32 MP: 8/8
  2093 | D:2      | Killed Sigmund
  2093 | D:2      | Reached skill level 1 in Conjurations
  2093 | D:2      | Reached skill level 1 in Charms
  2093 | D:2      | Reached skill level 1 in Summonings
  2093 | D:2      | Reached skill level 1 in Translocations
  2093 | D:2      | Reached skill level 1 in Transmutations
  2093 | D:2      | Reached skill level 1 in Fire Magic
  2093 | D:2      | Reached skill level 1 in Ice Magic
  2093 | D:2      | Reached skill level 1 in Air Magic
  2093 | D:2      | Reached skill level 1 in Earth Magic
  2093 | D:2      | Reached skill level 1 in Poison Magic
  2093 | D:2      | Reached XP level 5. HP: 37/37 MP: 1/9
  2552 | D:2      | Gained mutation: Scrolls take you a little longer to read.
                  | [potion of mutation]
  2552 | D:2      | Gained mutation: You have a pair of small horns on your
                  | head. [potion of mutation]
  2554 | D:2      | Slain by a gnoll

Vault maps used:
D:1:      minmay_arrival_shattered_statue
D:2:      chequers_ecumenical_altar_simple, first_ration, uniq_sigmund
D:3:      nicolae_ru_great_annihilating_truth, uniq_jessica,
          uniq_crazy_yiuf_cottage

Skill      XL: |  1  2  3  4 |
---------------+-------------+-----
Hexes          | 2 |  2.4
Necromancy     | 2 |  2.4
Invocations    | 1 |  1.7
Fighting       | 1 |  1.5
Long Blades    | 1 |  1.5
Axes           | 1 |  1.5
Maces & Flails | 1 |  1.5
Polearms       | 1 |  1.5
Staves         | 1 |  1.5
Slings         | 1 |  1.5
Bows           | 1 |  1.5
Crossbows      | 1 |  1.5
Throwing       | 1 |  1.5
Armour         | 1 |  1.5
Stealth        | 1 |  1.5
Unarmed Combat | 1 |  1.5
Shields        | 3 |  3.0
Spellcasting   | 3 |  3.2
Conjurations   | 1 |  1.2
Charms         | 1 |  1.2
Summonings     | 1 |  1.2
Translocations | 1 |  1.2
Transmutations | 1 |  1.2
Fire Magic     | 1 |  1.2
Ice Magic      | 1 |  1.2
Air Magic      | 1 |  1.2
Earth Magic    | 1 |  1.2
Poison Magic   | 1 |  1.2
Evocations     | 3 |  3.0
Short Blades   | |  4.8
Dodging        | |  6.7

Action                   |  1- 3 |  4- 6 || total
-------------------------+-------+-------++-------
Melee: Short sword       |   149 |    31 ||   180
       Bite              |    22 |     2 ||    24
       Headbutt          |       |     1 ||     1
 Cast: Corona            |     7 |       ||     7
       Tukima's Dance    |     1 |     4 ||     5
  Use: Potion            |     1 |     5 ||     6
 Stab: Sleeping          |     4 |     1 ||     5
       Distracted        |       |     1 ||     1
  Eat: Chunk             |     4 |     1 ||     5
Armor: Robe              |    14 |       ||    14
       Skin              |       |     7 ||     7
Dodge: Dodged            |   110 |    12 ||   122

Table legend:
 A = Non-vault XP
 B = Vault XP
 C = Vault XP percentage of total XP
 D = Non-vault monster count
 E = Vault monster count
 F = Vault count percentage of total count
                 A         B        C        D         E       F
            +---------+---------+-------+---------+---------+-------
      Total |      95 |     156 |  62.2 |      50 |       1 |   2.0
            +---------+---------+-------+---------+---------+-------
        D:1 |      48 |       0 |   0.0 |      28 |       0 |   0.0
        D:2 |      45 |     156 |  77.6 |      20 |       1 |   4.8
        D:3 |       2 |       0 |   0.0 |       2 |       0 |   0.0
            +---------+---------+-------+---------+---------+-------
